 Dungeon Crawl Stone Soup version 0.18.1-48-g4cf74bf (webtiles) character file.

32 Alarkh the Cudgeler (level 3, 0/27 HPs)
             Began as a Mummy Skald on Sept 11, 2016.
             Was a Follower of Kikubaaqudgha.
             Killed from afar by Natasha (5 damage)
             ... with a magic dart
             ... on level 2 of the Dungeon.
             The game lasted 00:01:32 (1605 turns).

Alarkh the Cudgeler (Mummy Skald)                   Turns: 1605, Time: 00:01:33

Health: 0/27       AC:  3    Str: 15    XL:     3   Next: 10%
Magic:  2/6        EV: 11    Int: 12    God:    Kikubaaqudgha [*.....]
Gold:   68         SH:  0    Dex: 11    Spells: 2 memorised, 3 levels left

rFire  x . .     SeeInvis .     a - +0 mace
rCold  + . .     Gourm    .     b - +0 leather armour
rNeg   + + +     Faith    .     (no shield)
rPois  ∞         Spirit   .     (no helmet)
rElec  .         Dismiss  .     (no cloak)
rCorr  .         Reflect  .     (no gloves)
SustAt .         Harm     .     (no boots)
MR     .....                    (no amulet)
Stlth  +.........               (no ring)
                                (no ring)

@: infused, not resistant to hostile enchantments, very unstealthy
A: no food or potions, fire vulnerability, cold resistance 1, negative energy
resistance 3, torment resistance, unbreathing
a: Receive Corpses, Renounce Religion


You were on level 2 of the Dungeon.
You worshipped Kikubaaqudgha.
Kikubaaqudgha was aware of your devotion.
You were not hungry.

You visited 1 branch of the dungeon, and saw 2 of its levels.

You collected 68 gold pieces.

Inventory:

Hand Weapons
 a - a +0 mace (weapon)
Missiles
 g - a throwing net (quivered)
Armour
 b - a +0 leather armour (worn)
Scrolls
 d - a scroll of remove curse {unknown}
 e - 2 scrolls of identify {unknown}
 f - 2 scrolls of magic mapping {unknown}
Books
 c - a book of Battle

   Spells                             Type                      Level
   a - Infusion                       Charms                       1
   b - Shroud of Golubria             Charms/Translocation         2
   c - Song of Slaying                Charms                       2
   d - Spectral Weapon                Hexes/Charms                 3
   e - Regeneration                   Charms/Necromancy            3
 h - Kikubaaqudgha's Grimoire of Unholy Secrets
   (Kikubaaqudgha gifted it to you on level 2 of the Dungeon)

   Spells                             Type                      Level
   a - Animate Skeleton               Necromancy                   1
   b - Pain                           Necromancy                   1
   c - Corpse Rot                     Necromancy                   2
   d - Vampiric Draining              Necromancy                   3
   e - Control Undead                 Necromancy                   4


   Skills:
 - Level 2.0 Fighting
 + Level 2.9 Maces & Flails
 - Level 0.7 Armour
 - Level 0.7 Dodging
 - Level 2.0 Spellcasting
 - Level 2.4 Charms


You had 3 spell levels left.
You knew the following spells:

 Your Spells              Type           Power        Failure   Level  Hunger
a - Infusion              Chrm           #...         14%         1    N/A
b - Shroud of Golubria    Chrm/Tloc      #.........   34%         2    N/A

Dungeon Overview and Level Annotations

Branches:
Dungeon (2/15)

Altars:
Kikubaaqudgha

Annotations:
D:1 1 exclusion
D:2 Natasha


Innate Abilities, Weirdness & Mutations

You do not eat or drink.
Your flesh is vulnerable to fire.
You are immune to poison.
Your flesh is cold resistant.
You are immune to negative energy.
You are immune to unholy pain and torment.
You can survive without breathing.


Message History

You begin infusing your attacks with magical energy.
Natasha claws you!
Unknown command.
You hit Natasha.
Natasha is moderately wounded.
Natasha claws you.
You barely miss Natasha.
Natasha is moderately wounded.
Natasha barely misses you. Natasha misses you.
You closely miss Natasha.
Natasha is moderately wounded.
Natasha stares at you and mumbles some strange words.
The magic dart hits you!
* * * LOW HITPOINT WARNING * * *
You hit Natasha.
Natasha is severely wounded.
Natasha casts a spell at you. The magic dart hits you!
You die...
Kikubaaqudgha rasps: "You have failed me!
Welcome... oblivion!"

.8.8...!... 8._.8......
....# .8.8....... ....#
..8........ ....# .#.#
........... ...# .#.#
#.#.####... ..####...#
#.#.# ## #........# ....#
#h.$.....# #.#.#
#@.......# #.#.#
#........#
#.#.############........#
#.............##........#
###.#########.##........#
.†..# #...............#.#
##### #.#####.##......#
.# #.###....... . #.#
#.######.


You could see Natasha.

Vanquished Creatures
  2 dart slugs (D:1)
  A giant gecko (D:1)
  6 bats
  5 goblins
  2 hobgoblins (D:1)
  2 jackals (D:2)
  4 giant newts
  2 kobolds (D:1)
  2 rats
26 creatures vanquished.

Notes
Turn   | Place    | Note
--------------------------------------------------------------
     0 | D:1      | Alarkh the Mummy Skald began the quest for the Orb.
     0 | D:1      | Reached XP level 1. HP: 16/16 MP: 3/3
   907 | D:1      | Reached XP level 2. HP: 22/22 MP: 1/5
  1346 | D:2      | Learned a level 2 spell: Shroud of Golubria
  1379 | D:2      | Reached XP level 3. HP: 15/27 MP: 2/6
  1546 | D:2      | Found a faded altar to an unknown god.
  1553 | D:2      | Became a worshipper of Kikubaaqudgha
  1553 | D:2      | Reached * piety under Kikubaaqudgha
  1553 | D:2      | Received a gift from Kikubaaqudgha
  1553 | D:2      | Identified Kikubaaqudgha's Grimoire of Unholy Secrets (Kikubaaqudgha gifted it to you on level 2 of the Dungeon)
  1598 | D:2      | Noticed Natasha
  1605 | D:2      | Killed from afar by Natasha

Skill      XL: |  1 |
---------------+----+-----
Maces & Flails | 2 |  2.9
Fighting       | |  2.0
Armour         | |  0.7
Dodging        | |  0.7
Spellcasting   | |  2.0
Charms         | |  2.4

Action                   || total
-------------------------++-------
Melee: Mace              ||    83
 Cast: Infusion          ||    13
Armor: Leather armour    ||    37
Dodge: Dodged            ||    65
